 Dungeon Crawl Stone Soup version 0.27-a0-1193-g8631133539 (webtiles) character file.

Game seed: 13914059042498094423

824 karrick the Covert (level 7, -4/48 HPs)
             Began as a Vampire Enchanter on May 26, 2021.
             Was a Follower of Okawaru.
             Slain by Grinder (6 damage)
             ... on level 5 of the Dungeon.
             The game lasted 00:16:48 (5563 turns).

karrick the Covert (Vampire Enchanter)              Turns: 5563, Time: 00:16:48

Health: -4/48      AC:  2    Str:  8    XL:     7   Next: 64%
Magic:  7/12       EV: 13    Int: 18    God:    Okawaru [*.....]
Gold:   236        SH:  0    Dex: 15    Spells: 6/13 levels left

rFire    . . .     SeeInvis +   c - +1 dagger (freeze)
rCold    . . .     Faith    .   (no shield)
rNeg     . . .     Spirit   .   b - +0 robe
rPois    .         Reflect  .   (no helmet)
rElec    .         Harm     .   (no cloak)
rCorr    .         Rampage  .   (no gloves)
Will     .....                  (no boots)
Stlth    ++++......             (no amulet)
HPRegen  0.36/turn              (no ring)
MPRegen  0.13/turn              (no ring)

@: healing quickly
A: alive, fangs 3, see invisible, vampiric 2
a: Exsanguinate, Renounce Religion, Heroism


You were on level 5 of the Dungeon.
You worshipped Okawaru.
Okawaru was aware of your devotion.
You visited 2 branches of the dungeon, and saw 6 of its levels.

You collected 236 gold pieces.

Inventory:

Hand Weapons
 c - a +1 dagger of freezing (weapon)
Armour
 b - a +0 robe (worn)
Jewellery
 r - a ring of wizardry
Wands
 l - a wand of polymorph (5)
 q - a wand of flame (17)
Scrolls
 a - 2 scrolls of fear {unknown}
 h - 3 scrolls of teleportation {unknown}
 k - a scroll of noise {unknown}
 m - a scroll of silence {unknown}
 n - a scroll of acquirement {unknown}
 o - 3 scrolls of identify {unknown}
 p - a scroll of amnesia {unknown}
Potions
 d - a potion of attraction {unknown}
 e - a potion of curing {unknown}
 f - a potion of resistance {unknown}
 g - a potion of mutation {unknown}
 i - a potion of cancellation {unknown}
 j - a potion of magic


   Skills:
 + Level 1.3 Fighting
 + Level 3.0 Short Blades
 + Level 2.8 Dodging
 * Level 9.2 Stealth
 + Level 3.6 Spellcasting
 * Level 8.0 Hexes


You had 6 spell levels left.
You knew the following spells:

 Your Spells              Type           Power      Damage    Failure   Level
a - Corona                Hex            35%        N/A       1%          1
b - Confusing Touch       Hex            32%        N/A       1%          3
c - Tukima's Dance        Hex            32%        N/A       1%          3

Your spell library contained the following spells:

 Spells                   Type           Power      Damage    Failure   Level
 Ensorcelled Hibernation  Hex/Ice        34%        N/A       4%          2
 Dazzling Flash           Conj/Hex       34%        N/A       9%          3
 Magic Dart               Conj           12%        1d3       16%         1
 Searing Ray              Conj           6%         3d3       24%         2
 Fulminant Prism          Conj/Hex       8%         3d7       30%         4
 Gell's Gravitas          Tloc           1%         N/A       43%         3
 Metabolic Englaciation   Hex/Ice        8%         N/A       63%         5
 Yara's Violent Unravell  Hex/Tmut       8%         3d5       63%         5
 Iskenderun's Mystic Bla  Conj/Tloc      3%         2d3       83%         4
 Petrify                  Tmut/Erth      3%         N/A       83%         4


Dungeon Overview and Level Annotations

Branches:
Dungeon (5/15)             Temple (1/1) D:5

Altars:
Cheibriados
Dithmenos
Elyvilon
Fedhas
Gozag
Hepliaklqana
Makhleb
Nemelex Xobeh
Okawaru
Qazlal
Ru
Sif Muna
Trog
Uskayaw
Vehumet
Wu Jian
Xom
Yredelemnul
Zin
The Shining One
Beogh

Shops:
D:4 [

Annotations:
D:3 3 runed translucent doors, ArcanElement's ghost, amateur HuFi
D:4 2 runed translucent doors, Dowan; Duvessa
D:5 Grinder


Innate Abilities, Weirdness & Mutations

Your natural rate of healing is accelerated.
You have razor-sharp teeth.
You have supernaturally acute eyesight. (SInv)
You are afflicted with vampirism and can become a bat while bloodless.


Message History

Grinder is almost dead.
You hit Grinder. Your bite misses Grinder.
Grinder is almost dead.
You hit Grinder but do no damage. You bite Grinder.
Grinder is almost dead.
Grinder barely misses you.
You hit Grinder. You bite Grinder, but do no damage.
Grinder is almost dead.
You hit Grinder but do no damage.
Grinder is almost dead.
Grinder seems less confused.
Grinder hits you.
You writhe in agony.
You are too injured to fight recklessly!
Casting: Corona (safe; 1% risk of failure)
Confirm with . or Enter, or press ? or * to list all spells.
Your hands begin to glow red.
Grinder misses you.
Casting: Confusing Touch (safe; 1% risk of failure)
Confirm with . or Enter, or press ? or * to list all spells.
Aiming: Corona (safe; 1% risk of failure)
Press: ? - help, Shift-Dir - straight line, f/p - Grinder
Aim: Grinder (almost dead, chance to confuse on hit: 61%, chance to affect: 71%) Grinder is outlined in light.
Grinder gestures at you. You resist with some effort.
You are too injured to fight recklessly!
You hit Grinder but do no damage.
Grinder is almost dead.
Grinder hits you.
You writhe in agony.
* * * LOW HITPOINT WARNING * * *
You hit Grinder but do no damage. You bite Grinder, but do no damage.
Grinder is almost dead.
Grinder gestures at you.
You struggle to resist.
You hit Grinder but do no damage.
Grinder is almost dead.
You hit Grinder but do no damage.
Grinder appears confused.
Grinder is almost dead.
Grinder hits you!
* * * LOW HITPOINT WARNING * * *
You writhe in agony.
You die...

#...## #..##..#.#..##..#.......#
#..## #.##..##.##..##.#.....###
#...### #....##...##....#...####.
#.....###.......>...........####.
#..#.........##...##.........##..
#.##......##..##.##..##..........
..##.......##..#.#..##...........
..##........##.....##..#........#
.##........g.#..@5.#..###........
.##........#.........## ###......
.#.......<.##.#.###..# #....##
......<...###...# #..# ##..###
##........# ###.###.## ##.##
#........## #.....# ##..#
#.>#####..## ####..# #..## #...#
##..#####...### ##..# #..
##...........###..##


You could see Grinder (confused, corona).

Vanquished Creatures
  Edmund (D:5)
  An ogre (D:5)
  3 scorpions
  A wyvern skeleton (D:5)
  A howler monkey (D:5)
  A centaur zombie (D:5)
  2 jellies
  A bullfrog skeleton (D:5)
  A hound (D:4)
  An iguana (D:5)
  4 gnolls
  An adder (D:3)
  2 ufetubi (D:5)
  An adder skeleton (D:4)
  4 worms
  2 dart slugs
  7 orcs
  5 bats
  6 endoplasms
  4 giant cockroaches (D:1)
  5 goblins
  5 hobgoblins
  6 jackals
  4 quokkas
  4 ball pythons
  4 frilled lizards
  5 kobolds
  18 rats
100 creatures vanquished.

Notes
Turn   | Place    | Note
-------+----------+-------------------------------------------
     0 | D:1      | karrick the Vampire Enchanter began the quest for the Orb.
     0 | D:1      | Reached XP level 1. HP: 13/13 MP: 3/3
    93 | D:1      | Found a faded altar of an unknown god.
   253 | D:1      | Reached XP level 2. HP: 19/19 MP: 5/5
   476 | D:1      | You fall into a shaft and drop 1 floor!
   530 | D:2      | Found a shadowy altar of Dithmenos.
   707 | D:1      | Reached skill level 5 in Hexes
   743 | D:1      | Reached skill level 5 in Stealth
   908 | D:2      | Gained mutation: You are afflicted with vampirism and can
                  | become a bat while bloodless. [Vampire growth]
   908 | D:2      | Reached XP level 3. HP: 24/24 MP: 6/6
   913 | D:2      | Learned a level 3 spell: Confusing Touch
  1750 | D:3      | Found a runed translucent gate.
  1752 | D:3      | Found a runed translucent gate.
  1753 | D:3      | Found a runed translucent gate.
  1754 | D:3      | Noticed ArcanElement's ghost (amateur HuFi)
  1755 | D:3      | Identified the +5 whip of the People {flame, rF+ rC++
                  | Int+3}
  1755 | D:3      | Identified the +4 scale mail "Toyxac Tasil" {rElec rPois
                  | rF- rC+++ Dex-5}
  2244 | D:3      | Reached XP level 4. HP: 31/31 MP: 7/7
  2605 | D:4      | Found an ornate altar of the Wu Jian Council.
  2605 | D:4      | Found a shadowy altar of Dithmenos.
  2610 | D:4      | Found a blossoming altar of Fedhas.
  2694 | D:4      | Found Jiwk's Armour Emporium.
  2696 | D:4      | Reached skill level 6 in Stealth
  2978 | D:4      | Noticed a scorpion
  3003 | D:4      | Killed a scorpion
  3004 | D:4      | Reached XP level 5. HP: 34/36 MP: 1/8
  3083 | D:4      | Found a burning altar of Makhleb.
  3169 | D:4      | Noticed Duvessa
  3179 | D:4      | Noticed Dowan
  3489 | D:4      | Found a large runed translucent door.
  3489 | D:4      | Found a large runed translucent door.
  3644 | D:5      | Entered Level 5 of the Dungeon
  3659 | D:5      | Learned a level 3 spell: Tukima's Dance
  3673 | D:5      | Reached skill level 7 in Stealth
  3895 | D:5      | Noticed Edmund
  3955 | D:5      | Reached XP level 6. HP: 42/42 MP: 7/10
  4025 | D:5      | Killed Edmund
  4143 | D:5      | Reached skill level 8 in Stealth
  4178 | D:5      | Found a staircase to the Ecumenical Temple.
  4199 | Temple   | Entered the Ecumenical Temple
  4392 | Temple   | Became a worshipper of Warmaster Okawaru
  4466 | D:5      | Reached skill level 1 in Fighting
  4466 | D:5      | Reached XP level 7. HP: 48/48 MP: 8/11
  4549 | D:5      | Reached skill level 9 in Stealth
  5071 | D:5      | Reached * piety under Okawaru
  5401 | D:5      | Noticed Grinder
  5563 | D:5      | HP: 2/48 [Grinder (9)]
  5563 | D:5      | Slain by Grinder

Illustrated notes

Levels and vault maps discovered:
D:1:      dpeg_arrival_castle, layout_basic, chequers_ecumenical_altar_simple
D:2:      layout_rooms, basic_altar, minmay_rat_gold_closets
D:3:      layout_basic, biasface_ghost_orc_armoury
D:4:      layout_cave_pools, grunt_temple_overflow_open, jmf_multi_god_temple2,
          makhleb_heckhound_becter, serial_shops, nicolae_shop_waterfront,
          uniq_duvessa
D:5:      layout_layer_cave, minmay_temple_entry_waves, uniq_grinder,
          uniq_edmund
Temple:   regret_index_temple_sphere_string

Skill      XL: |  1  2  3  4  5  6  7 |
---------------+----------------------+-----
Hexes          | 5 6 7 8 |  8.0
Stealth        | 5 6 7 8 9 |  9.2
Short Blades   | 2 3 |  3.0
Spellcasting   | 3 |  3.6
Fighting       | 1 |  1.3
Dodging        | |  2.8

Action                   |  1- 3 |  4- 6 |  7- 9 || total
-------------------------+-------+-------+-------++-------
Melee: Dagger            |   166 |   150 |    79 ||   395
       Bite              |    10 |    14 |     9 ||    33
 Cast: Corona            |     8 |     8 |     3 ||    19
       Confusing Touch   |       |    19 |    10 ||    29
       Tukima's Dance    |       |     1 |       ||     1
  Use: Potion            |       |       |     1 ||     1
 Stab: Sleeping          |    18 |     5 |     4 ||    27
       Distracted        |     2 |       |       ||     2
       Confused          |       |    17 |     5 ||    22
Armor: Robe              |    17 |    17 |     3 ||    37
       Skin              |       |    21 |       ||    21
Dodge: Dodged            |    89 |    73 |    39 ||   201

Table legend: (Time is in decaauts)
 A = Elapsed time spent in this place.
 B = Non-inter-level travel time spent in this place.
 C = Inter-level travel time spent in this place.
 D = Time resting spent in this place.
 E = Time spent auto-exploring this place.
 F = Levels seen in this place.
 G = Mean time per level.
                   A        B        C        D        E       F      G
               +--------+--------+--------+--------+--------+-----+--------+
         Total |   5535 |   5229 |    306 |    135 |   3867 |   6 |  922.5 |
       Dungeon |   5202 |   4953 |    249 |     39 |   3726 |   5 | 1040.4 |
        Temple |    332 |    275 |     57 |     96 |    141 |   1 |  332.0 |
               +--------+--------+--------+--------+--------+-----+--------+

Top non-repeatable levels by time:
     D:5: 1484 daAuts
     D:3: 1373 daAuts
     D:4: 987 daAuts
     D:1: 796 daAuts
     D:2: 561 daAuts
  Temple: 332 daAuts
